 Dungeon Crawl Stone Soup version 0.30-a0-782-ge64f9170bb (webtiles) character file.

Game seed: 9243012307472835717

99 112233 the Stinger (level 4, -13/27 HPs)
             Began as an Octopode Venom Mage on Feb 25, 2023.
             Mangled by an iguana (14 damage)
             ... on level 4 of the Dungeon.
             The game lasted 00:02:40 (2505 turns).

112233 the Stinger (Octopode Venom Mage)            Turns: 2505, Time: 00:02:41

Health: -13/27     AC:  1    Str:  7    XL:     4   Next: 72%
Magic:  0/7        EV: 13    Int: 19    God:
Gold:   168        SH:  0    Dex: 12    Spells: 1/8 levels left

rFire   . . .      SeeInvis .    h - staff of conjuration
rCold   . . .      Faith    .    (no shield)
rNeg    . . .      Spirit   .    (helmet restricted)
rPois   .          Reflect  .    (no amulet)
rElec   .          Harm     .    (no ring)
rCorr   .          Rampage  .    (no ring)
Will    .....                    (no ring)
Stlth   +++                      (no ring)
HPRegen 0.24/turn                (no ring)
MPRegen 0.10/turn                (no ring)
                                 (no ring)
                                 (no ring)

@: no status effects
A: almost no armour, amphibious, 8 rings, camouflage 1, gelatinous body 1,
(nimble swimmer 1), tentacles
a: no special abilities


You were on level 4 of the Dungeon.
You visited 1 branch of the dungeon, and saw 4 of its levels.

You collected 168 gold pieces.

Inventory:

Hand Weapons
 c - a +0 dagger of draining
 e - a +1 short sword of flaming
Magical Staves
 h - a staff of conjuration (weapon)
Scrolls
 b - a scroll of poison {unknown}
 d - 2 scrolls of noise {unknown}
 f - 2 scrolls of identify {unknown}
 g - 4 scrolls of enchant weapon {unknown}
 j - a scroll of vulnerability {unknown}
 k - 3 scrolls of teleportation {unknown}
Potions
 i - a potion of curing {unknown}
 l - a potion of mutation {unknown}
 m - 2 potions of heal wounds {unknown}
 n - a potion of haste {unknown}


   Skills:
 + Level 2.7 Dodging
 + Level 3.9 Stealth
 + Level 2.6 Spellcasting
 + Level 2.0 Transmutations
 + Level 4.3 Poison Magic


You had one spell level left.
You knew the following spells:

 Your Spells              Type           Power      Damage    Failure   Level
a - Sting                 Tmut/Pois      56%        1d5       4%          1
b - Poisonous Vapours     Pois/Air       20%        N/A       10%         2
c - Apportation           Tloc           4%         N/A       16%         1
d - Mephitic Cloud        Conj/Pois/Air  11%        N/A       26%         3

Your spell library contained the following spells:

 Spells                   Type           Power      Damage    Failure   Level
 Ignite Poison            Fire/Tmut/Pois 10%        N/A       21%         3
 Lesser Beckoning         Tloc           4%         N/A       24%         2
 Olgreb's Toxic Radiance  Pois           19%        N/A       26%         4
 Gell's Gravitas          Tloc           2%         N/A       43%         3
 Teleport Other           Tloc           2%         N/A       43%         3
 Alistair's Intoxication  Tmut/Pois      9%         N/A       75%         5
 Sticky Flame             Conj/Fire      3%         2d3       85%         4
 Ignition                 Fire           1%         3d3       100%        8


Dungeon Overview and Level Annotations

Branches:
Dungeon (4/15)
 Temple: D:4-7

Altars:

Annotations:
D:3 Sigmund


Innate Abilities, Weirdness & Mutations

You cannot wear most types of armour.
You are amphibious.
You can wear up to eight rings at the same time.
Your skin changes colour to match your surroundings (Stealth+).
Your rubbery body absorbs attacks. (AC +1, EV +1)
((You are camouflaged when in or above water. (Stealth+)))
You have tentacles for arms and can constrict up to eight enemies at once.


Message History

You don't have enough magic to cast this spell.
Unknown command.
Casting: Sting (safe; 4% risk of failure)
Confirm with . or Enter, or press ? or * to list all spells.
You don't have enough magic to cast this spell.
Unknown command.
Casting: Sting (safe; 4% risk of failure)
Confirm with . or Enter, or press ? or * to list all spells.
You don't have enough magic to cast this spell.
You hit the iguana but do no damage. Your grab misses the iguana.
You squeeze the iguana, but do no damage.
The iguana is moderately wounded.
The iguana bites you!
Unknown command.
You hit the iguana. Your grab misses the iguana.
The iguana is severely wounded.
The iguana bites you!
* * * LOW HITPOINT WARNING * * *
You are too injured to fight recklessly!
Unknown command.
The iguana attacks as you move away! The iguana completely misses you.
Okay, then.
The iguana attacks as you move away! The iguana barely misses you.
Casting: Sting (safe; 4% risk of failure)
Confirm with . or Enter, or press ? or * to list all spells.
Aiming: Sting (safe; 4% risk of failure)
Press: ? - help, Shift-Dir - straight line, f/p - iguana
Aim: an iguana (severely wounded, very poisoned, 75% to hit)
The sting hits the iguana but does no damage.
The iguana looks even sicker.
The iguana is severely wounded.
The iguana barely misses you.
Unknown command.
Found a scroll labelled MIF FEW XEM.
The iguana attacks as you move away! The iguana bites you.
* * * LOW HITPOINT WARNING * * *
Found a ring mail.
The iguana attacks as you move away! The iguana bites you!
Ouch! That really hurt!
You die...

##### ######### #...#
# #.......###...# ..#
#[.....<......###.....
#.......#....l@.......
#...$.....#.$.##......
########..#...# .....
#..#.### .... ##...#
... ...## ?. ....# [
...


You could see an iguana (very poisoned).

Vanquished Creatures
  An orc wizard (D:3)
  2 adders (D:2)
  2 dart slugs
  2 orcs (D:3)
  7 bats
  6 endoplasms
  3 giant cockroaches (D:1)
  5 hobgoblins
  3 jackals (D:1)
  4 quokkas
  3 ball pythons
  A frilled lizard (D:2)
  A goblin (D:1)
  6 kobolds (D:1)
  A rat (D:2)
47 creatures vanquished.

Notes
Turn   | Place    | Note
-------+----------+-------------------------------------------
     0 | D:1      | 112233 the Octopode Venom Mage began the quest for the Orb.
     0 | D:1      | Reached XP level 1. HP: 11/11 MP: 3/3
   207 | D:1      | Reached XP level 2. HP: 17/17 MP: 1/5
   729 | D:1      | Reached XP level 3. HP: 21/21 MP: 3/6
   773 | D:1      | Reached skill level 4 in Poison Magic
  1166 | D:2      | Learned a level 2 spell: Poisonous Vapours
  1168 | D:2      | Learned a level 1 spell: Apportation
  1588 | D:2      | Reached XP level 4. HP: 20/27 MP: 1/7
  1909 | D:2      | Learned a level 3 spell: Mephitic Cloud
  2459 | D:3      | Noticed Sigmund
  2504 | D:4      | HP: 1/27 [iguana (5)]
  2505 | D:4      | Mangled by an iguana

Illustrated notes

Levels and vault maps discovered:
D:1:      nicolae_arrival_washed_ashore, layout_rooms
D:2:      layout_basic
D:3:      layout_loops_ring, uniq_jessica, uniq_grinder, uniq_sigmund
D:4:      layout_rooms, minmay_temple_entry_enclosed_plants, enter_ossuary_3,
          minmay_misc_feat_encased, nicolae_wooded_promenade, uniq_natasha

Skill      XL: |  1  2  3  4 |
---------------+-------------+-----
Stealth        | 3 |  3.9
Poison Magic   | 4 |  4.3
Transmutations | 2 |  2.0
Dodging        | |  2.7
Spellcasting   | |  2.6

Action                     |  1- 3 |  4- 6 || total
---------------------------+-------+-------++-------
  Melee: Unarmed           |     3 |       ||     3
         Dagger            |     3 |       ||     3
         Constrict         |     4 |       ||     4
         Short sword       |     5 |       ||     5
         Tentacles         |     4 |     1 ||     5
         Staff             |     6 |     2 ||     8
   Cast: Sting             |    56 |    32 ||    88
         Poisonous Vapours |     2 |     5 ||     7
    Use: Potion            |       |     1 ||     1
 Armour: Skin              |     4 |       ||     4
  Dodge: Dodged            |    49 |     8 ||    57

Table legend: (Time is in decaauts)
 A = Elapsed time spent in this place.
 B = Non-inter-level travel time spent in this place.
 C = Inter-level travel time spent in this place.
 D = Time resting spent in this place.
 E = Time spent auto-exploring this place.
 F = Levels seen in this place.
 G = Mean time per level.
                   A        B        C        D        E       F      G
               +--------+--------+--------+--------+--------+-----+--------+
         Total |   2504 |   2447 |     57 |    510 |   1546 |   4 |  626.0 |
       Dungeon |   2504 |   2447 |     57 |    510 |   1546 |   4 |  626.0 |
               +--------+--------+--------+--------+--------+-----+--------+

Top non-repeatable levels by time:
     D:1: 1088 daAuts
     D:2: 912 daAuts
     D:3: 487 daAuts
     D:4: 15 daAuts
